 Dungeon Crawl Stone Soup version 0.23.2-1-ga50397a6bc (webtiles) character file.

Game seed: 220915648781206319

1104 Foic the Shield-Bearer (level 8, -9/70 HPs)
             Began as a Formicid Fighter on May 15, 2019.
             Mangled by Harold
             ... wielding a +0 flail of crushing
              (13 damage)
             ... on level 7 of the Dungeon.
             The game lasted 00:16:03 (5428 turns).

Foic the Shield-Bearer (Formicid Fighter)           Turns: 5428, Time: 00:16:04

Health: -9/70      AC: 13    Str: 20 (21) XL:     8   Next: 58%
Magic:  7/7        EV:  5    Int: 14 (15) God:
Gold:   386        SH: 10    Dex: 10 (11) Spells: 7/7 levels left

rFire    + . .     SeeInvis +   a - +0 war axe
rCold    . . .     Gourm    .   c - +0 shield
rNeg     . . .     Faith    .   B - +0 plate armour
rPois    .         Spirit   .   (helmet unavailable)
rElec    .         Reflect  .   (no cloak)
rCorr    +         Harm     .   A - +0 pair of gloves
MR       .....                  (no boots)
Stlth    ..........             (no amulet)
HPRegen  0.21/turn              l - +4 ring of intelligence
MPRegen  0.10/turn              y - ring of resist corrosion

@: flying
A: permanent stasis, dig shafts and tunnels, four strong arms, antennae 3,
clever 1, fire resistance 1, low mp 1, robust 1
a: Dig, Shaft Self


You were on level 7 of the Dungeon.
You were not hungry.

You visited 1 branch of the dungeon, and saw 7 of its levels.

You collected 386 gold pieces.

Inventory:

Hand Weapons
 a - a +0 war axe (weapon)
 b - a +0 hunting sling
Missiles
 p - 65 sling bullets
 q - 10 tomahawks (quivered)
 w - 80 stones
Armour
 c - a +0 shield (worn)
 r - a +0 chain mail
 A - a +0 pair of gloves (worn)
 B - a +0 plate armour (worn)
Jewellery
 l - a +4 ring of intelligence (left hand)
 y - a ring of resist corrosion (right hand)
Scrolls
 g - 6 scrolls of identify
 m - 3 scrolls of remove curse {unknown}
 n - 3 scrolls of blinking {unknown}
 s - a scroll of teleportation
 u - 2 scrolls of amnesia {unknown}
Potions
 d - a potion of might
 e - a potion of heal wounds {unknown}
 h - 2 potions of haste
 j - 2 potions of ambrosia {unknown}
 k - a potion of degeneration
 o - 2 potions of curing
 t - a potion of flight
 v - a potion of agility {unknown}
 x - a potion of lignification {unknown}
 z - 2 potions of berserk rage {unknown}
Comestibles
 f - 7 rations


   Skills:
 * Level 5.6 Fighting
 + Level 5.7 Axes
 + Level 0.4 Slings
 + Level 5.2 Armour
 + Level 1.0 Dodging
 + Level 0.3 Stealth
 * Level 7.1 Shields


You had 7 spell levels left.
You didn't know any spells.
Your spell library contained the following spells:

 Spells                   Type           Power        Failure   Level  Hunger
 Flame Tongue             Conj/Fire      #....        100%        1    ##.....
 Magic Dart               Conj           #...         100%        1    ##.....
 Summon Small Mammal      Summ           #...         100%        1    ##.....
 Call Imp                 Summ           #.......     100%        2    ###....
 Slow                     Hex            #.......     100%        2    ###....
 Throw Flame              Conj/Fire      #.....       100%        2    ###....
 Call Canine Familiar     Summ           #.......     100%        3    ####...
 Conjure Flame            Conj/Fire      #.......     100%        3    ####...
 Inner Flame              Hex/Fire       #.......     100%        3    ####...
 Mephitic Cloud           Conj/Pois/Air  #.......     100%        3    ####...
 Summon Guardian Golem    Hex/Summ       #.......     100%        3    ####...
 Sticky Flame             Conj/Fire      #.......     100%        4    #####..
 Summon Ice Beast         Ice/Summ       #.......     100%        4    #####..
 Summon Lightning Spire   Summ/Air       #.......     100%        4    #####..
 Fireball                 Conj/Fire      #.........   100%        5    ######.
 Blink                    Tloc           Unusable     N/A         2    N/A

Dungeon Overview and Level Annotations

Branches:
Dungeon (7/15)
 Temple: D:4-7

Altars:
Elyvilon
Fedhas
Gozag
Sif Muna

Annotations:
D:7 Harold


Innate Abilities, Weirdness & Mutations

You cannot be hasted, slowed, berserked, paralysed or teleported.
You can dig through walls and to a lower floor.
Your four strong arms can wield two-handed weapons with a shield.
You have a pair of large antennae on your head. (SInv)
Your mind is acute. (Int +2)
Your flesh is heat resistant. (rF+)
Your magical capacity is low. (-10% MP)
You are robust. (+10% HP)


Message History

Okay, then.
It was a potion of flight.
You feel very buoyant.
You fly up into the air.
Harold hits you with a +0 flail of crushing!
* * * LOW HITPOINT WARNING * * *
x2 You block the quokka's attack.
Unknown command.
You barely miss Harold.
Harold is lightly wounded.
You slash the quokka!
You kill the quokka!
Harold hits you but does no damage.
As you read the scroll labeled KESIPI VOIRUIG, it crumbles to dust.
You feel a strange sense of stasis.
It was a scroll of teleportation.
You block Harold's attack.
You hit Harold but do no damage.
Harold is lightly wounded.
Harold hits you with a +0 flail of crushing!
You die...

..# .......... #...
...##......... ##...
....#....#.... %...
.........#.... # ...
###.........##. ##.##..
##... #......#.. .......
#...####..>.....
.......###.....#.#......
.......@†##.#....##..###
##....@....(.........###
#.................#....
..........$........#....
.#......................
####..........#........
...........#........
##...................
(...................


You could see Harold.

Vanquished Creatures
  A black bear (D:6)
  A sky beast (D:6)
  A phantom (D:6)
  An ogre (D:4)
  A water moccasin zombie (D:6)
  2 crimson imps
  A hound (D:5)
  6 orc priests
  A jelly (D:6)
  An iguana (D:6)
  3 orc wizards
  3 worker ants
  A killer bee zombie (D:7)
  A worker ant zombie (D:7)
  4 adders
  4 gnolls
  3 worms
  2 dart slugs (D:1)
  6 leopard geckos
  15 orcs
  2 giant cockroaches (D:6)
  6 goblins
  4 hobgoblins
  9 jackals
  7 kobolds
  4 quokkas
  A ball python (D:4)
  6 bats
  3 frilled lizards
  A quokka zombie (D:6)
  5 rats
106 creatures vanquished.

Notes
Turn   | Place    | Note
-------+----------+-------------------------------------------
     0 | D:1      | Foic the Formicid Fighter began the quest for the Orb.
     0 | D:1      | Reached XP level 1. HP: 18/18 MP: 1/1
    80 | D:1      | Reached XP level 2. HP: 20/24 MP: 2/2
   173 | D:1      | Reached skill level 4 in Shields
   723 | D:2      | Reached XP level 3. HP: 30/30 MP: 3/3
   862 | D:2      | Found a faded altar of an unknown god.
   880 | D:2      | Reached XP level 4. HP: 21/37 MP: 4/4
  1308 | D:2      | Reached XP level 5. HP: 42/42 MP: 5/5
  1378 | D:2      | Found an opulent altar of Gozag.
  1381 | D:2      | Found a blossoming altar of Fedhas.
  1384 | D:2      | Found a deep blue altar of Sif Muna.
  1731 | D:3      | Reached XP level 6. HP: 24/48 MP: 6/6
  2643 | D:4      | Noticed an ogre
  2650 | D:4      | Killed an ogre
  2650 | D:4      | Reached skill level 1 in Dodging
  2650 | D:4      | Reached skill level 5 in Shields
  3056 | D:4      | Found a white marble altar of Elyvilon.
  3170 | D:4      | Reached XP level 7. HP: 55/55 MP: 7/7
  3247 | D:5      | Entered Level 5 of the Dungeon
  3635 | D:5      | Reached skill level 5 in Fighting
  4148 | D:6      | Gained mutation: Your flesh is heat resistant. (rF+)
                  | [potion of mutation]
  4148 | D:6      | Gained mutation: Your magical capacity is low. (-10% MP)
                  | [potion of mutation]
  4148 | D:6      | Gained mutation: Your mind is acute. (Int +2) [potion of
                  | mutation]
  4148 | D:6      | Gained mutation: You are robust. (+10% HP) [potion of
                  | mutation]
  4163 | D:6      | Reached skill level 5 in Axes
  4476 | D:6      | Reached skill level 6 in Shields
  4476 | D:6      | Reached XP level 8. HP: 55/68 MP: 7/7
  4494 | D:6      | Reached skill level 5 in Armour
  5298 | D:7      | Reached skill level 7 in Shields
  5418 | D:7      | Noticed Harold
  5425 | D:7      | HP: 3/70 [Harold/+0 flail of crushing (3)]
  5428 | D:7      | Mangled by Harold

Skill      XL: |  1  2  3  4  5  6  7  8 |
---------------+-------------------------+-----
Shields        | 4 5 6 7 |  7.1
Fighting       | 4 5 |  5.6
Axes           | 3 4 5 |  5.7
Armour         | 4 5 |  5.2
Dodging        | 1 |  1.0
Slings         | |  0.4
Stealth        | |  0.3

Action                   |  1- 3 |  4- 6 |  7- 9 || total
-------------------------+-------+-------+-------++-------
Melee: War axe           |    78 |   158 |   210 ||   446
 Fire: Hunting sling     |       |     3 |       ||     3
Throw: Tomahawk          |       |     1 |       ||     1
  Use: Scroll            |       |     2 |     2 ||     4
       Potion            |       |       |     6 ||     6
  Eat: Chunk             |       |     7 |     5 ||    12
       Ration            |       |       |     1 ||     1
Armor: Scale mail        |    24 |    38 |       ||    62
       Chain mail        |       |    14 |     6 ||    20
       Plate armour      |       |       |   156 ||   156
Dodge: Dodged            |    34 |    40 |    54 ||   128
Block: Shield            |    43 |    84 |   133 ||   260
